cohdb
Replays
Latest Replays
All Replays
Popular Replays
Top Player Replays
Match Explorer
How It Works
Community
CoH3 Stats
Reddit
Sign in to upload your games and track your stats! →
Sign in with Steam
Match 41485460
Unlisted
Match 41485460
Overview
Messages
Build Orders
End
Panzerpioneer Squad
250 Light Carrier
250 Light Carrier
Construct Light Support Kompanie
Selects Battlefield Espionage Battlegroup
Selects Intel Disruption Beacon
Assault Grenadier Squad
Assault Grenadier Squad
Fire Support Elements
2.5-tonne Medical Truck
le.IG 18 Mechanized Group
Combat Half-tracks
Selects Plunder
Pak 38 Anti-tank Gun Team
Selects Firestorm
Construct Panzerarmee Kommand
Veteran Squad Leaders
Pak 38 Mechanized Group
Selects 250/3 Funkpanzerwagen
Selects Anti-Tank Incendiary Munitions
Panzer III L Medium Tank
Panzer III L Medium Tank
Firestorm
Panzer III L Medium Tank
Assault Mechanized Group
Selects Operation Skorpion
Firestorm
Armored Reserves
Gravey
lIIlllIIllllIII
GunnmB
[Kor]*Showtime*
Jokerhut
Benee
暴力@小野兽
E连 914
0
0
Comments
sign in to comment!
No comments posted yet!